 Dungeon Crawl Stone Soup version 0.18.0-1-g0107ab7 (webtiles) character file.

275 wvc the Skirmisher (level 6, -6/49 HPs)
             Began as a Mummy Wanderer on May 5, 2016.
             Was a Follower of Cheibriados.
             Mangled by a gnoll
             ... wielding a cursed +0 halberd
              (9 damage)
             ... on level 4 of the Dungeon.
             The game lasted 00:05:51 (3282 turns).

wvc the Skirmisher (Mummy Wanderer)                 Turns: 3282, Time: 00:05:51

Health: -6/49      AC:  7    Str: 18    XL:     6   Next: 3%
Magic:  6/6        EV: 12    Int: 13    God:    Cheibriados [*.....]
Gold:   206        SH:  0    Dex: 18    Spells: 0 memorised, 5 levels left

rFire  x . .     SeeInvis .     h - +1 hand axe
rCold  + + .     Gourm    .     r - +0 ring mail {rC+}
rNeg   + + +     Faith    .     (no shield)
rPois  ∞         Spirit   .     c - +0 helmet
rElec  .         Dismiss  +     (no cloak)
rCorr  .         Reflect  .     i - +0 pair of gloves
SustAt .         Harm     .     (no boots)
MR     .....                    n - amulet of dismissal
Stlth  +.........               (no ring)
                                l - +2 ring of slaying

@: very slow, not resistant to hostile enchantments, very unstealthy
A: no food or potions, fire vulnerability, cold resistance 1, negative energy
resistance 3, torment resistance, unbreathing
a: Bend Time, Renounce Religion


You were on level 4 of the Dungeon.
You worshipped Cheibriados.
Cheibriados was aware of your devotion.
You were not hungry.

You visited 1 branch of the dungeon, and saw 4 of its levels.

You collected 206 gold pieces.

Inventory:

Hand Weapons
 a - a +2 shortbow
 h - a +1 hand axe (weapon)
 o - a +0 blowgun
Missiles
 b - 88 arrows
 k - a throwing net (quivered)
 p - 47 poisoned needles
Armour
 c - a +0 helmet (worn)
 i - a +0 pair of gloves (worn)
 r - a +0 ring mail of cold resistance (worn)
Jewellery
 l - a +2 ring of slaying (left hand)
 n - an amulet of dismissal (around neck)
Scrolls
 e - a scroll of blinking {unknown}
 f - 2 scrolls of enchant armour {unknown}
 g - a scroll of magic mapping {unknown}
 j - 4 scrolls of identify {unknown}
 m - a scroll of recharging {unknown}
 q - a scroll of immolation {unknown}


   Skills:
 - Level 4.3 Fighting
 * Level 3.1 Axes
 - Level 1.0 Bows
 + Level 3.0 Armour
 + Level 2.3 Dodging
 - Level 1.0 Stealth
   Level 1.0 Evocations


You had 5 spell levels left.
You didn't know any spells.

Dungeon Overview and Level Annotations

Branches:
Dungeon (4/15)
 Temple: D:4-7

Altars:
Cheibriados
Elyvilon
Trog
Vehumet
Zin
The Shining One


Innate Abilities, Weirdness & Mutations

You do not eat or drink.
Your flesh is vulnerable to fire.
You are immune to poison.
Your flesh is cold resistant.
You are immune to negative energy.
You are immune to unholy pain and torment.
You can survive without breathing.


Message History

As you read the scroll labeled BAUFAL USSYA, it crumbles to dust.
It is a scroll of enchant weapon.
Enchant which weapon? (? for menu, Esc to quit)
Your +0 hand axe glows red for a moment.
The gnoll misses you. The gnoll hits you but does no damage.
You hit the gnoll.
The gnoll is moderately wounded.
You hit the gnoll.
The gnoll is moderately wounded.
The gnoll barely misses you. The gnoll hits you but does no damage.
The gnoll barely misses you.
You slash the gnoll!
The gnoll is almost dead.
You hit the gnoll.
The gnoll is moderately wounded.
The gnoll hits you with an enchanted halberd!
* * * LOW HITPOINT WARNING * * *
The gnoll completely misses you.
The gnoll hits you from afar with a halberd!
You die...

... ..# ... ..#
.... .%# ...#
#..# #..##
###..##
#..###.gg..#
#....@g#
####....### #
####......## #
###.........# #
#.........:.## ##
#............# .#
#........†...# .#
#.........#...#
.#
#.........##.....


You could see 3 gnolls.

Vanquished Creatures
  A wyvern skeleton (D:4)
  A howler monkey (D:4)
  Robin (D:3)
  A gnoll (D:4)
  7 adders
  2 oozes
  3 worms
  A dart slug (D:1)
  3 orcs (D:3)
  4 giant cockroaches
  12 goblins
  6 hobgoblins
  12 jackals
  2 ball pythons
  3 bats
  7 giant newts
  6 kobolds
  5 rats
77 creatures vanquished.

Notes
Turn   | Place    | Note
--------------------------------------------------------------
     0 | D:1      | wvc the Mummy Wanderer began the quest for the Orb.
     0 | D:1      | wvc set off with: a +2 shortbow, 23 arrows, 2 scrolls of teleportation, a +0 robe
     0 | D:1      | Reached XP level 1. HP: 19/19 MP: 1/1
   320 | D:1      | Reached XP level 2. HP: 26/26 MP: 2/2
   660 | D:2      | Reached XP level 3. HP: 30/31 MP: 3/3
  1330 | D:2      | Reached skill level 1 in Dodging
  1833 | D:2      | Reached XP level 4. HP: 21/38 MP: 4/4
  1974 | D:2      | Found a bloodstained altar of Trog.
  1987 | D:2      | Found a radiant altar of Vehumet.
  1992 | D:2      | Found a snail-covered altar of Cheibriados.
  2000 | D:2      | Became a worshipper of Cheibriados the Contemplative
  2092 | D:2      | Found a white marble altar of Elyvilon.
  2092 | D:2      | Found a glowing golden altar of the Shining One.
  2093 | D:2      | Found a glowing silver altar of Zin.
  2363 | D:3      | Noticed Robin
  2448 | D:3      | Reached * piety under Cheibriados
  2675 | D:3      | Killed Robin
  2675 | D:3      | Reached XP level 5. HP: 33/43 MP: 5/5
  3278 | D:4      | Reached XP level 6. HP: 20/49 MP: 6/6
  3282 | D:4      | Mangled by a gnoll

Skill      XL: |  1  2  3  4  5 |
---------------+----------------+-----
Dodging        | 1 2 |  2.3
Armour         | 2 3 |  3.0
Axes           | 2 3 |  3.1
Fighting       | |  4.3
Bows           | |  1.0
Stealth        | |  1.0
Evocations     | |  1.0

Action                   |  1- 3 |  4- 6 || total
-------------------------+-------+-------++-------
Melee: Hand axe          |   161 |   149 ||   310
 Fire: Shortbow          |    10 |       ||    10
  Use: Scroll            |       |     3 ||     3
Armor: Robe              |     2 |       ||     2
       Ring mail         |    83 |    68 ||   151
Dodge: Dodged            |    95 |   117 ||   212
